AoeStats
← JRazzz

African Clearing

506082965Analyzed
2v2 RM · 21d ago on Sep 12, 2026· 49m 31s· 4 players
Game mode
Random Map
Map size
Medium (4 player)
Population
200
Speed
Normal
Resources
Standard
Victory
Conquest
Starting age
Dark Age
Ending age
Imperial Age
RankedLock teamsTeams togetherTeam positionsShared explorationLock speedFull tech treeHidden civsTurbo modeCheats
Victory
Defeat
🇺🇸 Mongols · United States
1431
+13
🇺🇸 Magyars · United States
1353
+17
🇦🇺 Berbers · Australia
1469
-19
🇬🇧 Magyars · United Kingdom
1271
-11
GUSH ^_-
10:39 Loom
13:45 Feudal Age
18:13 Castle Age
17:29 Scale Barding Armor
18:09 Double-Bit Axe
21:45 Forging
21:28 Horse Collar
24:26 Wheelbarrow
23:37 Town Watch
24:46 Husbandry
25:35 Town Watch
26:20 Bloodlines
27:07 Chain Barding Armor
28:19 Bow Saw
30:20 Iron Casting
31:22 Hand Cart
31:16 Heavy Plow
32:43 Gold Mining
44:39 Imperial Age
43:17 Fletching
43:27 Padded Archer Armor
46:28 Imperial Age
45:08 Stone Mining
47:22 Gold Shaft Mining
47:43 Ballistics
48:13 Conscription
47:31 Elite Camel Archer
JRazzz
3:30 Loom
11:30 Feudal Age
12:03 Double-Bit Axe
13:48 Horse Collar
22:25 Castle Age
20:35 Gold Mining
21:27 Bloodlines
21:13 Fletching
21:26 Padded Archer Armor
22:34 Crossbowman
23:25 Bodkin Arrow
23:34 Husbandry
23:58 Bow Saw
24:49 Ballistics
28:01 Thumb Ring
29:09 Wheelbarrow
31:43 Leather Archer Armor
34:35 Gold Shaft Mining
33:52 Stone Mining
34:20 Hand Cart
33:50 Town Watch
39:33 Imperial Age
40:17 Recurve Bow
41:24 Chemistry
40:30 Bracer
41:08 Ring Archer Armor
41:05 Conscription
40:52 Heavy Cavalry Archer
42:21 Parthian Tactics
ForeverNoob
12:43 Feudal Age
16:27 Castle Age
14:58 Double-Bit Axe
15:04 Horse Collar
19:51 Loom
23:40 Wheelbarrow
26:09 Hand Cart
26:09 Bow Saw
25:58 Gold Mining
26:54 Fletching
28:41 Ballistics
28:29 Stone Mining
29:59 Husbandry
30:10 Bloodlines
30:16 Bodkin Arrow
30:10 Town Watch
31:06 Padded Archer Armor
35:33 Imperial Age
33:41 Leather Archer Armor
33:52 Masonry
35:06 Thumb Ring
36:17 Bracer
37:22 Chemistry
36:41 Heavy Plow
37:14 Conscription
37:54 Gold Shaft Mining
37:47 Parthian Tactics
37:43 Elite Mangudai
39:48 Drill
39:16 Capped Ram
41:13 Coinage
40:24 Siege Ram
43:04 Scale Barding Armor
43:53 Light Cavalry
45:22 Hussar
47:03 Chain Barding Armor
46:54 Forging
47:14 Town Patrol
pancomido3
3:00 Loom
3:52 Loom
13:44 Feudal Age
15:44 Double-Bit Axe
18:24 Castle Age
17:19 Fletching
17:13 Horse Collar
20:08 Bow Saw
21:07 Wheelbarrow
27:50 Town Watch
30:28 Bodkin Arrow
30:34 Padded Archer Armor
32:36 Gold Mining
33:06 Heavy Plow
34:38 Ballistics
36:33 Gold Shaft Mining
40:04 Leather Archer Armor
40:22 Hand Cart
40:55 Thumb Ring
41:45 Stone Mining
43:20 Town Patrol
49:31 Imperial Age
Connection lost

Rejoining the realm…

Still unreachable

The connection could not be restored.

Session expired

The server has moved on; the page needs a fresh start.